 Dungeon Crawl Stone Soup version 0.31-a0-1025-g2e47921a08 (webtiles) character file.

Game seed: 1791014257584975584

144 kae the Vexing (level 5, -11/35 HPs)
             Began as a Demonspawn Enchanter on Nov 17, 2023.
             Mangled by an ogre
             ... wielding a +0 giant club
              (28 damage)
             ... on level 4 of the Dungeon.
             The game lasted 00:02:11 (2561 turns).

kae the Vexing (Demonspawn Enchanter)               Turns: 2561, Time: 00:02:12

Health: -11/35     AC:  2    Str: 11    XL:     5   Next: 5%
Magic:  4/8        EV: 12    Int: 16    God:
Gold:   53         SH:  0    Dex: 15    Spells: 4/9 levels left

rFire   + . .        a - +1 dagger
rCold   . . .        (no shield)
rNeg    . . .        b - +0 robe
rPois   .            (no helmet)
rElec   .            (no cloak)
rCorr   .            (no gloves)
SInv    .            (no boots)
Will    .....        (no amulet)
Stlth   +++          F - ring of protection from fire
HPRegen 0.25/turn    (no ring)
MPRegen 0.11/turn

%: no passive effects
@: no status effects
A: thin skeletal structure 1, demonic touch 1
a: no special abilities


You were on level 4 of the Dungeon.
You visited 1 branch of the dungeon, and saw 4 of its levels.

You collected 185 gold pieces.
You spent 132 gold pieces at shops.


Innate Abilities, Weirdness & Mutations

You have a somewhat thin skeletal structure. (Dex +2, Stealth+)
Your touch may inflict minor irresistible damage on your foes.


   Skills:
 * Level 2.4 Short Blades
 - Level 1.7 Dodging
 + Level 3.3 Stealth
 + Level 2.5 Spellcasting
 * Level 4.0 Hexes
 + Level 1.0 Ice Magic


You had 4 spell levels left.
You knew the following spells:

 Your Spells              Type           Power      Damage    Failure   Level
a - Ensorcelled Hibernat  Hex/Ice        20%        N/A       11%         2
b - Confusing Touch       Hex            15%        N/A       11%         3

Your spell library contained the following spells:

 Spells                   Type           Power      Damage    Failure   Level
 Tukima's Dance           Hex            15%        N/A       11%         3
 Dazzling Flash           Conj/Hex       16%        N/A       26%         3

Inventory:

Hand Weapons
 a - a +1 dagger (weapon)
Missiles
 d - 4 boomerangs
 e - 15 stones
Armour
 b - a +0 robe (worn)
Magical Staves
 k - a staff of fire {!a}
   (You found it on level 3 of the Dungeon)
Jewellery
 F - a ring of protection from fire (left hand)
   (You found it on level 4 of the Dungeon)
 T - an amulet of faith {!P}
   (You found it on level 1 of the Dungeon)
Potions
 c - 2 potions of invisibility
 f - a potion of ambrosia {unknown}
 g - 5 potions of curing {unknown}
 h - 2 potions of brilliance
 i - a potion of heal wounds {unknown}
 j - a potion of might
 n - a potion of mutation {!q}

Dungeon Overview and Level Annotations

Branches:
Dungeon (4/15) Zot: 21456
 Temple: D:4-7

Altars:
Gozag
Nemelex Xobeh

Shops:
D:2 * D:3

* #..........
##........J
#......... #
##........# #.##
..........#
...##
#.!......##.....
#...O..#..!.#
#..@......#
##.......##
##.....## ###
##....## ##.#
#......## #.##
#...##..## ##.#
#...####[.###.##
#...## ##...#..#
....# #.......#


You could see an ogre and an endoplasm (asleep).


Message History

A frilled lizard is nearby!
A frilled lizard is nearby!
A frilled lizard is nearby!
You hit the frilled lizard.
You kill the frilled lizard!
No target in view!
There is a stone staircase leading up here.
There is a stone staircase leading up here.
o - a scroll labelled PUPLOI NEOHOPN No target in view!
No target in view!
You see here a +0 club.
You open the door.
Found a sparkling altar of Nemelex Xobeh and an opulent altar of Gozag.
No target in view!
No target in view!
There is an open door here.
There is a fountain of sparkling water here.
There is an open door here.
You now have 53 gold pieces (gained 8).
Key pressed, stopping explore.
No target in view!
No target in view!
Found a stone staircase leading down.
There is a stone staircase leading down here.
Done exploring.
Done exploring.
Done exploring.
Done exploring.
Done exploring.
As you read the scroll of identify {@r1}, it crumbles to dust.
n - a potion of mutation
As you read the scroll labelled PUPLOI NEOHOPN, it crumbles to dust.
You hear the flapping of tiny wings.
It was a scroll of butterflies.
Unknown command.
As you read the scroll labelled RIUSCH HOELIVA, it crumbles to dust.
You assume a fearsome visage.
Nothing appears to happen.
It was a scroll of fear.
Unknown command.
You aren't carrying any scrolls.
Done exploring.
Done exploring.
Unknown command.
You swap places.
You swap places.
You swap places.
Key pressed, stopping travel.
Okay, then.
There is a stone staircase leading down here.
You climb downwards.
Your summoned ally is left behind.
There is a stone staircase leading up here.
F - a ring of protection from fire
F - a ring of protection from fire (left hand)
A hobgoblin comes into view.
A hobgoblin is nearby!
A hobgoblin is nearby!
A hobgoblin is nearby!
A hobgoblin is nearby!
The helpless hobgoblin fails to defend itself.
You impale the hobgoblin!!
You kill the hobgoblin!
No target in view!
You see here a +0 ring mail.
An ogre comes into view. It is wielding a +0 giant club.
An endoplasm comes into view.
There are monsters nearby!
The ogre hits you with a +0 giant club!!
Ouch! That really hurt!
* * * LOW HITPOINT WARNING * * *
You see here a glowing inky potion.
You are too injured to fight recklessly! 😨 HP[-19]
You take 19 damage, and now have 16/35 hp.
MASSIVE DAMAGE!! (PAUSE)
Casting: Ensorcelled Hibernation (safe; 11% risk of failure)
Confirm with . or Enter, or press ? or * to list all spells.
Aiming: Ensorcelled Hibernation (safe; 11% risk of failure)
Press: ? - help, Shift-Dir - straight line, f - ogre
Aim: an ogre, wielding a +0 giant club (chance to affect: 44%)
The ogre resists with some effort. 😨 HP[+1] MP[-2]
You lost 2 mp, and now have 6/8 mp.
Unknown command.
Casting: Ensorcelled Hibernation (safe; 11% risk of failure)
Confirm with . or Enter, or press ? or * to list all spells.
Aiming: Ensorcelled Hibernation (safe; 11% risk of failure)
Press: ? - help, Shift-Dir - straight line, f/p - ogre
Aim: an ogre, wielding a +0 giant club (chance to affect: 44%)
The ogre looks drowsy... 😨 MP[-2]
You lost 2 mp, and now have 4/8 mp.
Unknown command.
Casting: Ensorcelled Hibernation (safe; 11% risk of failure)
Confirm with . or Enter, or press ? or * to list all spells.
You can't see any susceptible monsters within range! (Use Z to cast anyway.)
The helpless ogre fails to defend itself.
You impale the ogre!!
The ogre hits you with a +0 giant club!!
Ouch! That really hurt!
You die...

Skill      XL: |  1  2  3  4 |
---------------+-------------+-----
Short Blades   | 1 2 |  2.4
Stealth        | 3 |  3.3
Hexes          | 4 |  4.0
Ice Magic      | 1 |  1.0
Dodging        | |  1.7
Spellcasting   | |  2.5

Action                     |  1- 3 |  4- 6 || total
---------------------------+-------+-------++-------
  Melee: Dagger            |   109 |    82 ||   191
         Touch             |    10 |    14 ||    24
         Punch             |       |     1 ||     1
   Cast: Ensorcelled Hiber |     7 |     4 ||    11
    Use: Scroll            |     6 |     3 ||     9
   Stab: Sleeping          |    15 |     6 ||    21
 Armour: Robe              |    42 |    43 ||    85
  Dodge: Dodged            |    46 |    72 ||   118

Levels and vault maps discovered:
D:1:      minmay_arrival_three_doors, layout_rooms
D:2:      layout_loops_corners, serial_shops, nicolae_shop_crystal
D:3:      layout_loops_cross, grunt_temple_overflow_opulence, elyvilon_altar_5,
          nicolae_tso_besieged_by_evil, serial_shops, shop, feat_on_display
D:4:      layout_layer_cave, lightli_corner_chamber

Notes
Turn   | Place    | Note
-------+----------+-------------------------------------------
     0 | D:1      | kae the Demonspawn Enchanter began the quest for the Orb.
     0 | D:1      | Reached XP level 1. HP: 13/13 MP: 3/3
     0 | D:1      | magus.rc [v1.11.3]
    80 | D:1      | Reached skill level 1 in Short Blades
   151 | D:1      | Gained mutation: Your touch may inflict minor irresistible
                  | damage on your foes. [demonic ancestry]
   151 | D:1      | Reached XP level 2. HP: 11/19 MP: 5/5
   162 | D:1      | Learned a level 2 spell: Ensorcelled Hibernation
   615 | D:2      | Found Hapynaome's Assorted Antiques.
   619 | D:2      | Bought a scroll labelled KAR VAS GEAQE for 20 gold pieces
   619 | D:2      | Bought a yellow potion for 18 gold pieces
   619 | D:2      | Bought 2 viscous yellow potions for 36 gold pieces
   619 | D:2      | Bought a viscous puce potion for 18 gold pieces
   902 | D:2      | Reached XP level 3. HP: 22/24 MP: 6/6
   906 | D:2      | Learned a level 3 spell: Confusing Touch
  1198 | D:2      | Reached skill level 3 in Stealth
  1556 | D:3      | Reached skill level 2 in Short Blades
  1556 | D:3      | Reached XP level 4. HP: 15/30 MP: 0/7
  1899 | D:3      | Reached skill level 4 in Hexes
  1899 | D:3      | Reached skill level 1 in Ice Magic
  1899 | D:3      | Gained mutation: You have a somewhat thin skeletal
                  | structure. (Dex +2, Stealth+) [demonic ancestry]
  1899 | D:3      | Reached XP level 5. HP: 29/35 MP: 3/8
  2057 | D:3      | Found Xuoceuc's Assorted Antiques.
  2063 | D:3      | Bought a sedimented coppery potion for 20 gold pieces
  2063 | D:3      | Bought a viscous yellow potion for 20 gold pieces
  2234 | D:3      | Found a sparkling altar of Nemelex Xobeh.
  2234 | D:3      | Found an opulent altar of Gozag.
  2555 | D:4      | Noticed an ogre
  2561 | D:4      | Mangled by an ogre

Vanquished Creatures
  A crimson imp (D:3)
  4 adders
  A worm (D:3)
  A dart slug (D:1)
  An orc (D:3)
  6 endoplasms
  3 giant cockroaches
  3 goblins
  6 hobgoblins
  6 quokkas
  7 ball pythons
  9 bats
  5 frilled lizards
  A goblin zombie (D:3)
  3 hobgoblin zombies (D:3)
  9 kobolds
  An orc skeleton (D:3)
  4 rats
71 creatures vanquished.

Table legend:
 A = Non-vault XP
 B = Vault XP
 C = Vault XP percentage of total XP
 D = Non-vault monster count
 E = Vault monster count
 F = Vault count percentage of total count
                 A         B        C        D         E       F
            +---------+---------+-------+---------+---------+-------
      Total |     155 |      51 |  24.8 |      65 |       6 |   8.5
            +---------+---------+-------+---------+---------+-------
        D:1 |      33 |       0 |   0.0 |      23 |       0 |   0.0
        D:2 |      58 |       0 |   0.0 |      21 |       0 |   0.0
        D:3 |      62 |      51 |  45.1 |      20 |       6 |  23.1
        D:4 |       2 |       0 |   0.0 |       1 |       0 |   0.0
            +---------+---------+-------+---------+---------+-------

Skill      XL: |  1  2  3  4 |
---------------+-------------+-----
Short Blades   | 1 2 |  2.4
Stealth        | 3 |  3.3
Hexes          | 4 |  4.0
Ice Magic      | 1 |  1.0
Dodging        | |  1.7
Spellcasting   | |  2.5

Action                     |  1- 3 |  4- 6 || total
---------------------------+-------+-------++-------
  Melee: Dagger            |   109 |    82 ||   191
         Touch             |    10 |    14 ||    24
         Punch             |       |     1 ||     1
   Cast: Ensorcelled Hiber |     7 |     4 ||    11
    Use: Scroll            |     6 |     3 ||     9
   Stab: Sleeping          |    15 |     6 ||    21
 Armour: Robe              |    42 |    43 ||    85
  Dodge: Dodged            |    46 |    72 ||   118

Illustrated notes

Table legend:
 A = Kills in this place as a percentage of kills in the entire game.
 B = Kills by you in this place as a percentage of kills by you in the entire game.
 C = Kills by friends in this place as a percentage of kills by friends in the entire game.
 D = Other kills in this place as a percentage of other kills in the entire game.
 E = Experience gained in this place as a percentage of experience gained in the entire game.
 F = Experience gained in this place divided by the number of levels of this place that you have seen.
                   A       B       C       D       E      F
               +-------+-------+-------+-------+-------+----------------------
         Total | 100.0 | 100.0 |   N/A |   N/A | 100.0 |  51.5
       Dungeon | 100.0 | 100.0 |   N/A |   N/A | 100.0 |  51.5
               +-------+-------+-------+-------+-------+----------------------

Table legend: (Time is in decaauts)
 A = Elapsed time spent in this place.
 B = Non-inter-level travel time spent in this place.
 C = Inter-level travel time spent in this place.
 D = Time resting spent in this place.
 E = Time spent auto-exploring this place.
 F = Levels seen in this place.
 G = Mean time per level.
                   A        B        C        D        E       F      G
               +--------+--------+--------+--------+--------+-----+--------+
         Total |   2543 |   2471 |     72 |     76 |   1941 |   4 |  635.8 |
       Dungeon |   2543 |   2471 |     72 |     76 |   1941 |   4 |  635.8 |
               +--------+--------+--------+--------+--------+-----+--------+

Top non-repeatable levels by time:
     D:2: 957 daAuts
     D:3: 911 daAuts
     D:1: 563 daAuts
     D:4: 111 daAuts
